 Dungeon Crawl Stone Soup version 0.30-b1-2-g02819fbbbe (webtiles) character file.

Game seed: 8881604689391070142

1681 nightchill the Cleaver (level 8, -7/75 HPs)
             Began as a Minotaur Fighter on Jan 15, 2024.
             Was a Follower of Uskayaw.
             Mangled by a wyvern (8 damage)
             ... on level 6 of the Dungeon.
             The game lasted 00:09:04 (4844 turns).

nightchill the Cleaver (Minotaur Fighter)           Turns: 4844, Time: 00:09:05

Health: -7/75      AC: 12    Str: 30    XL:     8   Next: 71%
Magic:  3/7        EV:  7    Int:  5    God:    Uskayaw [*.....]
Gold:   225        SH:  4    Dex:  9    Spells: 7/7 levels left

rFire   . . .        a - +0 war axe
rCold   . . .        c - +0 buckler
rNeg    . . .        E - +0 plate armour
rPois   .            v - +0 hat
rElec   .            (no cloak)
rCorr   .            (no gloves)
SInv    .            o - +0 pair of boots
Will    .....        (no amulet) Stlth
                     t - +6 ring of strength
HPRegen 0.32/turn    (no ring)
MPRegen 0.10/turn

%: no passive effects
@: attractive
A: horns 2, retaliatory headbutt
a: Renounce Religion, Stomp


You were on level 6 of the Dungeon.
You worshipped Uskayaw.
Uskayaw was noncommittal.
You visited 1 branch of the dungeon, and saw 7 of its levels.

You collected 225 gold pieces.

Inventory:

Hand Weapons
 a - a +0 war axe (weapon)
 h - a +0 mace
 G - the +9 mace "Domil" {protect, rPois Stlth+}
   (You found it on level 6 of the Dungeon)

   rPois:     It protects you from poison.
   Stlth:     It makes you more stealthy.
Missiles
 i - 20 poisoned darts (quivered)
 z - 3 curare-tipped darts
 B - 3 silver boomerangs
 C - a throwing net
Armour
 b - a +0 scale mail
 c - a +0 buckler (worn)
 o - a +0 pair of boots (worn)
 v - a +0 hat (worn)
 E - a +0 plate armour (worn)
Jewellery
 e - a ring of wizardry
 g - a ring of ice
 t - a +6 ring of strength (left hand)
 u - a +5 ring of evasion
Scrolls
 f - 4 scrolls of teleportation {unknown}
 j - 2 scrolls of enchant weapon {unknown}
 k - 3 scrolls of noise {unknown}
 q - a scroll of fear {unknown}
 s - a scroll of blinking {unknown}
 w - 2 scrolls of amnesia {unknown}
 x - a scroll of fog {unknown}
 y - 4 scrolls of identify {unknown}
 A - a scroll of vulnerability {unknown}
 H - a scroll of enchant armour {unknown}
Potions
 d - a potion of attraction
 l - a potion of mutation {unknown}
 m - 2 potions of degeneration {unknown}
 n - 3 potions of curing {unknown}
 p - a potion of flight {unknown}
 r - a potion of magic {unknown}
 D - a potion of brilliance {unknown}
 F - 2 potions of resistance {unknown}


   Skills:
 + Level 8.5 Fighting
 * Level 11.1 Axes
 - Level 3.6 Armour
 - Level 3.6 Shields


You had 7 spell levels left.
You didn't know any spells.
Your spell library contained the following spells:

 Spells                   Type           Power      Damage    Failure   Level
 Foxfire                  Conj/Fire      0%         2x1d4     100%        1
 Kiss of Death            Conj/Necr      0%         2d5       100%        1
 Ensorcelled Hibernation  Hex/Ice        0%         N/A       100%        2
 Confusing Touch          Hex            0%         N/A       100%        3
 Spider Form              Tmut/Pois      0%         N/A       100%        3
 Anguish                  Hex/Necr       0%         N/A       100%        4
 Dispel Undead            Necr           0%         3d6       100%        4
 Fireball                 Conj/Fire      0%         3d3       100%        5
 Iskenderun's Battlesphe  Conj           0%         2d6       100%        5
 Conjure Ball Lightning   Conj/Air       0%         3x3d6     100%        6
 Plasma Beam              Fire/Air       0%         2x1d11    100%        6
 Starburst                Conj/Fire      0%         6d3       100%        6
 Orb of Destruction       Conj           0%         9d5       100%        7


Dungeon Overview and Level Annotations

Branches:
Dungeon (7/15)             Temple (0/1) D:6

Altars:
Okawaru
Uskayaw
Xom

Shops:
D:1 ![:*   D:5 :

Annotations:
D:6 exclusion: 2 doors


Innate Abilities, Weirdness & Mutations

You have a pair of horns on your head.
You reflexively headbutt those who attack you in melee.


Message History

The orc wizard hits you but does no damage.
The orc warrior hits you from afar with a +0 glaive!
The wyvern bites you.
You can now pass through a line of other dancers.
You slash the orc wizard! Your headbutt misses the orc wizard.
The orc wizard is severely wounded.
You barely miss the wyvern. The wyvern barely misses you.
You furiously retaliate!
You headbutt the wyvern.
The orc wizard hits you but does no damage.
The orc warrior hits you from afar with a +0 glaive!
* * * LOW HITPOINT WARNING * * *
You slash the orc wizard!
You kill the orc wizard!
You hit the wyvern but do no damage. The wyvern closely misses you.
The orc warrior hits you from afar with a +0 glaive.
* * * LOW HITPOINT WARNING * * *
The wyvern bites you.
* * * LOW HITPOINT WARNING * * *
There is a stone staircase leading up here.
The wyvern closely misses you. The wyvern bites you.
* * * LOW HITPOINT WARNING * * *
You climb upwards.
Level annotation: exclusion: 2 doors
There is a stone staircase leading down here.
Aiming: Line Pass
Press: ? - help, Dir - move target The wyvern appears confused.
You can no longer pass through a line of other dancers.
The wyvern seems less confused.
The wyvern bites you.
* * * LOW HITPOINT WARNING * * *
The wyvern bites you but does no damage.
You hit the wyvern but do no damage.
You headbutt the wyvern, but do no damage.
The wyvern is heavily wounded.
The wyvern bites you!
* * * LOW HITPOINT WARNING * * *
It was a potion of attraction.
You feel attractive to monsters. The wyvern bites you!
You die...

# #.....<........# #....)...###
## #..............# #...........
.# #..............## ##..........
.# ##..............####..........
.####.................#######....
..............................#..
..................###....#######.
..#...............##...### ##
...###.........l@.#..############
...# ####..>....................#
...## ####......#.............#
....# ###[..#..............#
...## ##.###...........### .###
### ##.......#### ## ######### #


You could see a wyvern.

Vanquished Creatures
  Grinder (D:6)
  Eustachio (D:6)
  An acid dragon (D:6)
  An ice beast (D:5)
  A black bear (D:4)
  2 ogres
  A centaur (D:6)
  2 bullfrogs
  2 scorpions
  A jelly (D:6)
  2 orc priests (D:5)
  3 hounds
  4 orc wizards
  A sleepcap (D:3)
  2 iguanas
  4 gnolls (D:5)
  6 adders
  3 river rats (D:6)
  A white imp (D:5)
  An ufetubus (D:6)
  3 worms
  A dart slug (D:5)
  6 orcs
  7 ball pythons
  An endoplasm (D:4)
  2 giant cockroaches
  8 goblins
  6 hobgoblins
  14 jackals
  8 kobolds
  2 quokkas
  4 bats
  5 frilled lizards
  4 rats
111 creatures vanquished.

Vanquished Creatures (others)
  A plant (D:6)
1 creature vanquished.

Grand Total: 112 creatures vanquished

Notes
Turn   | Place    | Note
-------+----------+-------------------------------------------
     0 | D:1      | nightchill the Minotaur Fighter began the quest for the
                  | Orb.
     0 | D:1      | Reached XP level 1. HP: 19/19 MP: 0/0
    93 | D:1      | Reached skill level 3 in Axes
    93 | D:1      | Reached XP level 2. HP: 3/27 MP: 1/1
   269 | D:1      | Found Jeumefouph's Distillery.
   275 | D:1      | Found Ywnitson's Antique Armour Shoppe.
   481 | D:1      | Found Ciungo's Book Emporium.
   694 | D:1      | Found Sazul's Assorted Antiques.
   771 | D:1      | Reached XP level 3. HP: 33/33 MP: 2/2
   993 | D:2      | Reached skill level 4 in Axes
  1692 | D:3      | Reached XP level 4. HP: 41/41 MP: 3/3
  1718 | D:3      | Found a hide-covered altar of Uskayaw.
  1790 | D:3      | Reached skill level 5 in Axes
  1996 | D:3      | Found a shimmering altar of Xom.
  1997 | D:3      | Found a shimmering altar of Xom.
  1999 | D:3      | Found a shimmering altar of Xom.
  2000 | D:3      | Found a shimmering altar of Xom.
  2000 | D:3      | Found a shimmering altar of Xom.
  2004 | D:3      | Found a shimmering altar of Xom.
  2004 | D:3      | Found a shimmering altar of Xom.
  2339 | D:3      | Became a worshipper of Uskayaw the Reveller
  2370 | D:4      | Reached * piety under Uskayaw
  2525 | D:4      | Reached XP level 5. HP: 38/47 MP: 4/4
  2575 | D:4      | Reached ** piety under Uskayaw
  2576 | D:4      | Reached skill level 5 in Fighting
  2617 | D:4      | Noticed a black bear
  2617 | D:4      | Noticed an ogre
  2629 | D:4      | Killed a black bear
  2630 | D:4      | Reached skill level 6 in Axes
  2630 | D:4      | Reached XP level 6. HP: 53/56 MP: 5/5
  2631 | D:4      | Reached *** piety under Uskayaw
  2644 | D:4      | Reached skill level 7 in Axes
  2890 | D:5      | Entered Level 5 of the Dungeon
  2900 | D:5      | Noticed an ice beast
  2907 | D:5      | Killed an ice beast
  3012 | D:5      | Reached XP level 7. HP: 63/63 MP: 6/6
  3152 | D:5      | Reached skill level 8 in Axes
  3161 | D:5      | Found Jyunaufu's Self-Improvement Boutique.
  3187 | D:5      | Reached **** piety under Uskayaw
  3699 | D:6      | Reached skill level 9 in Axes
  3722 | D:6      | Noticed Grinder
  3743 | D:6      | Paralysed by Grinder for 4 turns
  3750 | D:6      | Killed Grinder
  3751 | D:6      | Reached XP level 8. HP: 34/73 MP: 7/7
  3926 | D:6      | Found an iron altar of Okawaru.
  3932 | D:6      | Identified the +9 mace "Domil" {protect, rPois Stlth+}
  3997 | D:6      | Noticed Eustachio
  3999 | D:6      | Found a staircase to the Ecumenical Temple.
  4009 | D:6      | Killed Eustachio
  4010 | D:6      | Reached skill level 10 in Axes
  4581 | D:6      | Reached skill level 11 in Axes
  4843 | D:6      | HP: 1/75 [wyvern (15)]
  4844 | D:6      | Mangled by a wyvern

Illustrated notes

Levels and vault maps discovered:
D:1:      sevenhm_arrival_forest_fort_small_1, layout_basic, serial_shops, shop,
          shop, nicolae_shop_hallway_plus, nicolae_shop_industrial_runoff,
          chequers_arboretum, minmay_hexomino_f4
D:2:      layout_basic
D:3:      layout_loops_ring, nicolae_uskayaw_suspiria, xom_redecorated
D:4:      layout_rooms
D:5:      layout_rooms, nicolae_shop_self_help
D:6:      cheibrodos_two_vegetables, layout_cave_pods,
          okawaru_ov_weapons_minmay, minmay_temple_entry_butterflies,
          portal_sewer_entry_b, nicolae_figureground_pulse, uniq_eustachio,
          uniq_grinder
D:7:      layout_basic, dreamdust_princess_bridge

Skill      XL: |  1  2  3  4  5  6  7  8 |
---------------+-------------------------+-----
Axes           | 3 4 5 6 7 9 11 | 11.1
Fighting       | 4 5 6 7 8 |  8.5
Armour         | |  3.6
Shields        | |  3.6

Action                     |  1- 3 |  4- 6 |  7- 9 || total
---------------------------+-------+-------+-------++-------
  Melee: War axe           |    88 |    59 |    91 ||   238
         Headbutt          |     7 |     5 |    10 ||    22
  Throw: Dart              |       |       |     7 ||     7
 Invoke: Line Pass         |       |       |     1 ||     1
    Use: Potion            |     2 |     1 |     1 ||     4
   Stab: Paralysed         |       |       |     6 ||     6
 Armour: Scale mail        |    46 |    21 |     5 ||    72
         Plate armour      |       |       |    47 ||    47
  Dodge: Dodged            |    53 |    29 |    35 ||   117
  Block: Buckler           |    19 |     8 |     6 ||    33
